 Dungeon Crawl Stone Soup version 0.27.0-1-g7a089689b8 (webtiles) character file.

Game seed: 7397487336460829748

85 SkeletonJelly the Slasher (level 4, -3/39 HPs)
             Began as a Minotaur Monk on Aug 5, 2021.
             Slain by Sigmund (4 damage)
             ... on level 2 of the Dungeon.
             The game lasted 00:02:59 (1673 turns).

SkeletonJelly the Slasher (Minotaur Monk)           Turns: 1673, Time: 00:02:59

Health: -3/39      AC:  5    Str: 15    XL:     4   Next: 25%
Magic:  3/3        EV: 11    Int:  7    God:
Gold:   14         SH:  0    Dex: 14    Spells: 3/3 levels left

rFire    + . .     SeeInvis .   a - +0 falchion
rCold    + . .     Faith    .   (no shield)
rNeg     . . .     Spirit   .   f - +0 ring mail
rPois    +         Reflect  .   (helmet restricted)
rElec    +         Harm     .   (no cloak)
rCorr    +         Rampage  .   (no gloves)
Will     .....                  (no boots)
Stlth    +.........             (no amulet)
HPRegen  0.13/turn              (no ring)
MPRegen  0.08/turn              (no ring)

@: resistant
A: horns 2, retaliatory headbutt
a: no special abilities


You were on level 2 of the Dungeon.
You visited 1 branch of the dungeon, and saw 2 of its levels.

You collected 14 gold pieces.

Inventory:

Hand Weapons
 a - a +0 falchion (weapon)
Armour
 b - a +0 robe
 f - a +0 ring mail (worn)
Jewellery
 g - an amulet of faith
Scrolls
 c - a scroll of holy word {unknown}
 d - a scroll of enchant armour {unknown}
 e - a scroll of teleportation {unknown}
 h - a scroll of blinking {unknown}
 i - a scroll of vulnerability {unknown}
 k - a scroll of identify {unknown}


   Skills:
 - Level 3.6 Fighting
 + Level 6.2 Long Blades
 - Level 3.2 Dodging
 - Level 1.5 Stealth


You had 3 spell levels left.
You didn't know any spells.
Your spell library was empty.

Dungeon Overview and Level Annotations

Branches:
Dungeon (2/15)

Altars:

Annotations:
D:2 Sigmund


Innate Abilities, Weirdness & Mutations

You have a pair of horns on your head.
You reflexively headbutt those who attack you in melee.


Message History

Your headbutt misses the giant cockroach.
The giant cockroach is heavily wounded.
You closely miss the giant cockroach.
Your headbutt misses the giant cockroach.
The giant cockroach is heavily wounded.
The giant cockroach bites you. The giant cockroach barely misses you.
You riposte.
You hit the giant cockroach.
You kill the giant cockroach!
No target in view!
No target in view!
No target in view!
No target in view!
No target in view!
No target in view!
No target in view!
No target in view!
No target in view!
No target in view!
No target in view!
No target in view!
No target in view!
No target in view!
Found 4 gold pieces.
Things that are here:
a +0 club; a goblin corpse
Things that are here:
a giant cockroach corpse; a giant cockroach corpse; a giant cockroach corpse You now have 14 gold pieces (gained 4).
k - a scroll labelled GUKEJA QAILLI Key pressed, stopping explore.
Found 18 sling bullets.
You see here 18 sling bullets.
A giant cockroach comes into view.
A giant cockroach is nearby!
The giant cockroach misses you.
You closely miss the giant cockroach.
The giant cockroach bites you but does no damage.
You barely miss the giant cockroach. You headbutt the giant cockroach.
You kill the giant cockroach!
No target in view!
No target in view!
No target in view!
No target in view!
No target in view!
An orc comes into view. It is wielding a +0 short sword.
The orc shouts!
You hear an angry hiss.
An adder comes into view.
There are monsters nearby!
There are monsters nearby!
There are monsters nearby!
There are monsters nearby!
There are monsters nearby!
You hit the orc.
The orc is lightly wounded.
The orc closely misses you.
You hit the orc.
The orc is heavily wounded.
The orc hits you with a +0 short sword.
You hit the orc.
You kill the orc!
Sigmund the Dreaded comes into view.
He is wielding a +0 scythe.
Sigmund shouts!
You hear an angry hiss.
The adder bites you but does no damage.
Things that are here:
a +0 short sword; an orc corpse You hit the adder.
You headbutt the adder.
You kill the adder!
Found a metallic pink potion.
Sigmund gestures at you while chanting. The magic dart hits you.
A ball python comes into view.
Sigmund hits you with a +0 scythe.
You completely miss Sigmund.
The ball python hisses angrily.
Your headbutt misses Sigmund. Sigmund barely misses you.
You barely miss Sigmund. Your headbutt misses Sigmund.
Sigmund gestures at you while chanting. The puff of flame hits you.
You closely miss Sigmund. Your headbutt misses Sigmund.
Sigmund closely misses you.
You hit Sigmund. Your headbutt misses Sigmund.
Sigmund is lightly wounded.
Sigmund gestures wildly while chanting.
Sigmund flickers and vanishes!
Deactivating autopickup; reactivate with Ctrl-A.
You barely miss something. Something hits you but does no damage.
You closely miss something. Something hits you but does no damage.
You barely miss something. Something hits you.
It was a potion of resistance.
You feel protected. Something hits you.
You hit something. Something hits you!
* * * LOW HITPOINT WARNING * * *
You miss something.
You hear some strange, mumbled words.
A puff of flame appears from out of thin air!
The puff of flame hits you. You resist.
* * * LOW HITPOINT WARNING * * *
You closely miss something. Something hits you.
You die...

### !.# #.# #. ..#
#. #S# ######
#.####{#
##.....##.....@#
#...........##.###
#.......###......#
.##.......###.##)#.#
. #. ......#.....#.#
. #.###.#..#..#### #
. #...........####.#
# ##.####..#.......#
# #.####..#.#######


You could see a ball python.

Vanquished Creatures
  An adder (D:2)
  2 dart slugs
  An orc (D:2)
  5 ball pythons
  7 endoplasms
  14 giant cockroaches
  8 goblins
  3 hobgoblins
  4 jackals (D:2)
  4 quokkas
  A bat (D:1)
  A frilled lizard (D:1)
  4 kobolds (D:1)
  3 rats
58 creatures vanquished.

Notes
Turn   | Place    | Note
-------+----------+-------------------------------------------
     0 | D:1      | SkeletonJelly the Minotaur Monk began the quest for the
                  | Orb.
     0 | D:1      | Reached XP level 1. HP: 19/19 MP: 0/0
   117 | D:1      | Reached skill level 4 in Long Blades
   240 | D:1      | Reached XP level 2. HP: 13/26 MP: 1/1
   661 | D:1      | Reached skill level 5 in Long Blades
   722 | D:1      | Reached XP level 3. HP: 31/31 MP: 2/2
  1548 | D:2      | Reached skill level 6 in Long Blades
  1548 | D:2      | Reached XP level 4. HP: 35/39 MP: 3/3
  1658 | D:2      | Noticed Sigmund
  1672 | D:2      | HP: 1/39 [something/puff of flame (4)]
  1673 | D:2      | Slain by Sigmund

Illustrated notes

Levels and vault maps discovered:
D:1:      dpeg_arrival_shelter, layout_basic, chequers_serial_rivers_large_a,
          corner_web_ring
D:2:      minmay_roachtagon, layout_loops_cross, minmay_snake_closets,
          uniq_sigmund

Skill      XL: |  1  2  3 |
---------------+----------+-----
Long Blades    | 4 5 6 |  6.2
Fighting       | |  3.6
Dodging        | |  3.2
Stealth        | |  1.5

Action                   |  1- 3 |  4- 6 || total
-------------------------+-------+-------++-------
Melee: Falchion          |    94 |    19 ||   113
       Headbutt          |    23 |     2 ||    25
  Use: Potion            |       |     1 ||     1
 Stab: Sleeping          |     1 |       ||     1
Armor: Robe              |     6 |       ||     6
       Ring mail         |    28 |     4 ||    32
Dodge: Dodged            |    75 |     8 ||    83
       Rpst.: Falchion   |    22 |     2 ||    24
